 Dungeon Crawl Stone Soup version 0.21.0 (webtiles) character file.

21208 Merkolit the Zephyrmancer (level 12, 0/79 HPs)
             Began as an Octopode Air Elementalist on Jan 7, 2018.
             Was a High Priest of Sif Muna.
             Slain by a catoblepas (9 damage)
             ... on level 4 of the Lair of Beasts on Jan 8, 2018.
             The game lasted 02:10:49 (23631 turns).

Merkolit the Zephyrmancer (OpAE)                   Turns: 23631, Time: 02:10:50

Health: 0/79       AC:  1    Str:  9    XL:     12   Next: 87%
Magic:  22/22      EV:  2    Int: 21    God:    Sif Muna [*****.]
Gold:   832        SH:  0    Dex: 14    Spells: 6/25 levels left

rFire    . . .     SeeInvis .   a - +10 trident of the Foremost Lovers {venom, Dex+2}
rCold    . . .     Gourm    .   (no shield)
rNeg     + + +     Faith    .   (helmet restricted)
rPois    ∞         Spirit   .   (no amulet)
rElec    .         Reflect  .   v - ring of positive energy
rCorr    .         Harm     .   (no ring)
MR       .....                  (no ring)
Stlth    ++++++....             (no ring)
HPRegen  0.23/turn              (no ring)
MPRegen  0.18/turn              (no ring)
                                (no ring)
                                (no ring)

@: petrified, divine energy
A: almost no armour, stealthy swim, amphibious, 8 rings, constrict 8, camouflage
1, gelatinous body 1
a: Stop Divine Energy, Channel Magic, Forget Spell, Renounce Religion


You were on level 4 of the Lair of Beasts.
You worshipped Sif Muna.
Sif Muna was extremely pleased with you.
You were near starving.

You visited 3 branches of the dungeon, and saw 14 of its levels.

You collected 832 gold pieces.

Inventory:

Hand Weapons
 a - the +10 trident of the Foremost Lovers (weapon) {venom, Dex+2}
   (You found it on level 4 of the Dungeon)

   It poisons the flesh of those it strikes.
   It affects your dexterity (+2).
 b - the +2 dagger "Kinec" {pierce, MR+ Int+2 SInv}
   (You found it on level 2 of the Lair of Beasts)

   It inflicts extra damage upon your enemies.
   It affects your intelligence (+2).
   It affects your resistance to hostile enchantments.
   It lets you see invisible.
Missiles
 f - a throwing net (quivered)
Magical Staves
 m - an uncursed staff of fire
 F - an uncursed staff of wizardry
Jewellery
 v - a ring of positive energy (left tentacle)
Wands
 n - a wand of acid (19)
 E - a wand of polymorph (17)
Scrolls
 c - a scroll of brand weapon
 i - 3 scrolls of amnesia
 j - 2 scrolls of immolation
 k - 4 scrolls of enchant weapon
 q - 4 scrolls of remove curse
 r - a scroll of magic mapping
 t - a scroll of fog
 w - 2 scrolls of teleportation
 x - a scroll of enchant armour
 z - 5 scrolls of blinking
 A - 2 scrolls of fear
 D - a scroll of random uselessness {unknown}
Potions
 d - 2 potions of agility
 g - 8 potions of haste
 h - 2 potions of cancellation
 l - 3 potions of brilliance
 o - 2 potions of flight
 u - a potion of magic
Books
 e - a book of Minor Magic

   Spells                             Type                      Level
   a - Magic Dart                     Conjuration                  1
   b - Blink                          Translocation                2
   c - Call Imp                       Summoning                    2
   d - Slow                           Hexes                        2
   e - Conjure Flame                  Conjuration/Fire             3
   f - Mephitic Cloud                 Conjuration/Poison/Air       3
 s - the Tome of the Poisonous Blaze
   (You found it on level 6 of the Dungeon)

   Spells                             Type                      Level
   a - Sting                          Conjuration/Poison           1
   b - Inner Flame                    Hexes/Fire                   3
   c - Bolt of Magma                  Conjuration/Fire/Earth       5
 y - a book of Air

   Spells                             Type                      Level
   a - Shock                          Conjuration/Air              1
   b - Swiftness                      Charms/Air                   2
   c - Static Discharge               Conjuration/Air              3
   d - Airstrike                      Air                          4
   e - Lightning Bolt                 Conjuration/Air              5
 C - Sif Muna's Witchcraft in Simple Steps
   (Sif Muna gifted it to you on level 1 of the Lair of Beasts)

   Spells                             Type                      Level
   a - Confuse                        Hexes                        3
   b - Vampiric Draining              Necromancy                   3
   c - Recall                         Summoning/Translocation      3
   d - Call Canine Familiar           Summoning                    3
   e - Lesser Beckoning               Translocation                3
Comestibles
 B - 13 rations


   Skills:
 + Level 6.1 Fighting
 + Level 3.2 Dodging
 - Level 8.0 Stealth
 + Level 7.1 Spellcasting
 + Level 11.6 Conjurations
 + Level 3.2 Translocations
 - Level 3.0 Fire Magic
 + Level 12.7 Air Magic


You had 6 spell levels left.
You knew the following spells:

 Your Spells              Type           Power        Failure   Level  Hunger
a - Lightning Bolt        Conj/Air       ######....   1%          5    #####..
b - Swiftness             Chrm/Air       ####....     1%          2    None
c - Static Discharge      Conj/Air       ######..     1%          3    #......
d - Conjure Flame         Conj/Fire      #####...     1%          3    #......
e - Airstrike             Air            ######....   1%          4    ###....
f - Blink                 Tloc           N/A          3%          2    None


Dungeon Overview and Level Annotations

Branches:
Dungeon (9/15)             Temple (1/1) D:7            Lair (4/6) D:9
  Snake (0/4) Lair:3
  Swamp: Lair:2-4    Shoals: Lair:2-4       Orc: D:9-12

Altars:
Ashenzari
Cheibriados
Dithmenos
Elyvilon
Fedhas
Gozag
Hepliaklqana
Kikubaaqudgha
Makhleb
Nemelex Xobeh
Okawaru
Qazlal
Ru
Sif Muna
Trog
Uskayaw
Vehumet
Wu Jian
Xom
Yredelemnul
Zin
The Shining One

Shops:
D:4 =

Annotations:
D:4 Edmund
D:5 exclusion: orc wizard, Grinder
D:8 exclusion: hippogriff
Lair:2 exclusion: hydra, Urug
Lair:4 exclusion: polar bear


Innate Abilities, Weirdness & Mutations

You cannot wear most types of armour.
You are very stealthy in the water. (Stealth+)
You are amphibious.
You can wear up to eight rings at the same time.
You can use your tentacles to constrict eight enemies at once.
Your skin changes colour to match your surroundings (Stealth+).
Your rubbery body absorbs attacks. (AC +1, EV +1)


Message History

Your limbs are stiffening.
Attack whom?
Press: ? - help, Dir - move target cursor, f - catoblepas
Aim: a catoblepas (moderately wounded, poisoned)
You reach to attack!
You hit the catoblepas.
The catoblepas is moderately wounded.
The catoblepas gores you!!
You have turned to stone.
The catoblepas gores you.
The catoblepas breathes a plume of calcifying dust at you.
The blast of calcifying dust hits you!
You are engulfed in calcifying dust.
The catoblepas gores you!!
* * * LOW HITPOINT WARNING * * *
You are engulfed in calcifying dust.
The catoblepas breathes a plume of calcifying dust at you.
The blast of calcifying dust hits you!
* * * LOW HITPOINT WARNING * * *
You are engulfed in calcifying dust.
The catoblepas gores you!
* * * LOW HITPOINT WARNING * * *
You are engulfed in calcifying dust.
The catoblepas gores you!!
You die...

.....# #..........#..##..(.
........
##..........##.###.#.
#.......#####...........####
####
###.....≈..........#.....##
#..#.≈≈≈............#.....#
....≈≈≈≈≈≈..⌠...≈≈≈......##
...≈≈##≈≈≈....≈≈≈≈≈......#
..≈≈#.#≈≈≈...≈≈≈≈≈≈≈.....#
#.≈≈≈≈≈≈≈####≈#§@Y≈.......#
#.≈≈≈≈≈≈######≈≈≈≈..#...###
.#.≈≈≈#≈.≈#..≈##≈≈.......#
..≈≈≈≈≈#..#..[.#≈.#......##
.≈≈≈.≈[##>..#.$#≈..##.....#
≈≈≈..≈≈######$$#≈≈..#....##
≈≈...≈≈#≈≈≈≈##$##≈≈......#
....≈≈≈≈≈≈≈≈≈####≈≈......##
.#..≈≈≈≈≈..≈≈###≈≈........##


You could see a catoblepas.

Vanquished Creatures
  Harold (Lair:2)
  An ice dragon (Lair:4)
  A catoblepas (Lair:4)
  A necromancer (Lair:4)
  Pikel (D:8)
  5 elephants
  4 black mambas
  Psyche (D:9)
  5 spiny frogs
  6 komodo dragons
  A rime drake (Lair:3)
  4 hippogriffs
  2 wyverns
  Sigmund (D:6)
  12 yaks
  2 basilisks (Lair:3)
  A hungry ghost (D:7)
  4 water moccasins
  10 porcupines
  3 sky beasts
  3 orc warriors
  2 black bears
  2 ice beasts
  2 phantoms
  A necrophage (D:8)
  10 ogres
  3 elephant zombies (Lair:4)
  12 wolves
  A centaur (D:8)
  10 crocodiles
  A big kobold (D:9)
  9 bullfrogs
  Blork the orc (D:5)
  3 killer bees (D:8)
  5 wights (D:9)
  3 vampire bats (D:2)
  4 electric eels (Lair:4)
  A centaur zombie (D:9)
  4 hounds
  11 orc wizards
  9 orc priests
  Crazy Yiuf (D:6)
  2 bullfrog skeletons
  3 centaur skeletons
  3 iguanas
  7 worker ants
  2 crocodile zombies (Lair:4)
  A hound skeleton (D:6)
  A worker ant zombie (D:9)
  14 adders
  3 gnolls (D:3)
  2 shadow imps
  3 white imps (Lair:4)
  An ooze (D:2)
  3 adder skeletons
  4 dart slugs
  3 worms (D:2)
  5 leopard geckos
  39 orcs
  2 bats
  4 bat skeletons (D:2)
  3 bat zombies (D:2)
  5 giant cockroaches
  6 hobgoblins
  10 jackals
  6 quokkas
  3 ball pythons
  8 frilled lizards
  8 goblins
  A jackal skeleton (D:5)
  15 kobolds
  A quokka zombie (D:8)
  11 rats
343 creatures vanquished.

Vanquished Creatures (others)
  A slave (D:8)
  37 fungi
  15 plants
53 creatures vanquished.

Grand Total: 396 creatures vanquished

Notes
Turn   | Place    | Note
-------+----------+-------------------------------------------
     0 | D:1      | Merkolit the Octopode Air Elementalist began the quest for the Orb.
     0 | D:1      | Reached XP level 1. HP: 11/11 MP: 3/3
   355 | D:1      | Reached XP level 2. HP: 17/17 MP: 0/5
  1278 | D:2      | Found a shimmering altar of Xom.
  1283 | D:2      | Found a shimmering altar of Xom.
  1319 | D:2      | Found a shattered altar of Ashenzari.
  1319 | D:2      | Found an opulent altar of Gozag.
  1363 | D:2      | Reached XP level 3. HP: 21/21 MP: 2/6
  1544 | D:2      | Found a shimmering altar of Xom.
  1962 | D:2      | Reached XP level 4. HP: 22/27 MP: 5/8
  2097 | D:2      | Learned a level 4 spell: Airstrike
  2483 | D:2      | Found an ancient bone altar of Kikubaaqudgha.
  2494 | D:2      | Reached skill level 4 in Air Magic
  2494 | D:2      | Reached XP level 5. HP: 26/31 MP: 4/9
  2718 | D:2      | Reached XP level 6. HP: 36/36 MP: 5/11
  2923 | D:2      | Learned a level 2 spell: Swiftness
  2964 | D:2      | Found a shimmering altar of Xom.
  3516 | D:3      | Reached skill level 5 in Air Magic
  3932 | D:3      | Found an ornate altar of the Wu Jian Council.
  4364 | D:4      | Reached XP level 7. HP: 10/41 MP: 7/12
  4765 | D:4      | Found Lyecaybb's Jewellery Emporium.
  5052 | D:4      | Got a translucent trident
  5607 | D:4      | Reached skill level 6 in Air Magic
  6085 | D:4      | Noticed Edmund
  6140 | D:5      | Entered Level 5 of the Dungeon
  6318 | D:5      | Identified the +10 trident of the Foremost Lovers {venom, Dex+2} (You found it on level 4 of the Dungeon)
  6618 | D:5      | Reached XP level 8. HP: 46/46 MP: 11/14
  6695 | D:5      | Reached skill level 7 in Air Magic
  6808 | D:5      | Noticed Grinder
  6902 | D:5      | Noticed Blork the orc
  6966 | D:5      | Killed Blork the orc
  7084 | D:5      | Reached skill level 5 in Conjurations
  7343 | D:5      | Reached skill level 1 in Fighting
  7588 | D:5      | Found a sacrificial altar of Ru.
  8224 | D:6      | Reached skill level 8 in Air Magic
  8371 | D:6      | Found a burning altar of Makhleb.
  8504 | D:6      | Noticed Sigmund
  8570 | D:6      | Reached XP level 9. HP: 53/53 MP: 6/15
  8825 | D:6      | Found a runed door.
  8919 | D:6      | Reached skill level 9 in Air Magic
  9198 | D:6      | Learned a level 5 spell: Lightning Bolt
  9222 | D:6      | Killed Sigmund
  9345 | D:6      | Identified the Tome of the Poisonous Blaze
  9436 | D:6      | Noticed Crazy Yiuf
  9484 | D:6      | Killed Crazy Yiuf
  9550 | D:6      | Branch into Fire/Earth?
  9575 | D:7      | Found a staircase to the Ecumenical Temple.
  9590 | Temple   | Entered the Ecumenical Temple
  9807 | Temple   | Became a worshipper of Sif Muna the Loreminder
 10225 | D:7      | Reached skill level 5 in Stealth
 11350 | D:8      | Reached * piety under Sif Muna
 11779 | D:8      | Reached skill level 5 in Spellcasting
 11865 | D:8      | Reached XP level 10. HP: 63/63 MP: 12/17
 12234 | D:8      | Noticed Pikel
 12278 | D:8      | Killed Pikel
 12278 | D:8      | Reached skill level 10 in Air Magic
 12421 | D:8      | Reached ** piety under Sif Muna
 12640 | D:8      | Learned a level 3 spell: Conjure Flame
 12643 | D:8      | Learned a level 2 spell: Blink
 13057 | D:9      | Found a staircase to the Lair.
 13247 | D:9      | Reached skill level 1 in Translocations
 13247 | D:9      | Reached skill level 1 in Fire Magic
 14161 | D:9      | Noticed Psyche
 14170 | D:9      | Killed Psyche
 14170 | D:9      | Reached *** piety under Sif Muna
 14371 | D:9      | Reached XP level 11. HP: 49/67 MP: 0/19
 15150 | Lair:1   | Entered Level 1 of the Lair of Beasts
 17318 | Lair:2   | Noticed Urug
 17503 | Lair:2   | Noticed a seven-headed hydra
 18011 | Lair:2   | Reached skill level 11 in Air Magic
 18138 | Lair:2   | Reached **** piety under Sif Muna
 18158 | Lair:1   | Learned a level 3 spell: Static Discharge
 18513 | Lair:2   | Noticed Harold
 18541 | Lair:2   | Killed Harold
 18964 | Lair:2   | Reached skill level 5 in Fighting
 18964 | Lair:2   | Reached skill level 10 in Conjurations
 19387 | Lair:2   | Got a dazzling dagger
 19663 | Lair:2   | Reached XP level 12. HP: 72/77 MP: 3/22
 20433 | Lair:3   | Identified the cursed +2 dagger "Kinec" {pierce, MR+ Int+2 SInv} (You found it on level 2 of the Lair of Beasts)
 20925 | Lair:3   | Found a staircase to the Snake Pit.
 21007 | Lair:3   | Reached ***** piety under Sif Muna
 21180 | Lair:1   | Identified Sif Muna's Witchcraft in Simple Steps (Sif Muna gifted it to you on level 1 of the Lair of Beasts)
 21180 | Lair:1   | Received a gift from Sif Muna
 21254 | Lair:2   | Reached skill level 12 in Air Magic
 22131 | Lair:4   | Noticed an ice dragon
 22137 | Lair:4   | Killed an ice dragon
 22157 | Lair:4   | Noticed a catoblepas
 22207 | Lair:4   | Killed a catoblepas
 23617 | Lair:4   | Noticed a catoblepas
 23631 | Lair:4   | Slain by a catoblepas

Skill      XL: |  1  2  3  4  5  6  7  8  9 10 11 12 |
---------------+-------------------------------------+-----
Conjurations   | 2 3 4 5 7 8 10 11 | 11.6
Spellcasting   | 3 4 5 7 |  7.1
Air Magic      | 4 5 6 8 9 10 11 12 | 12.7
Stealth        | 4 6 7 8 |  8.0
Fighting       | 1 3 5 6 |  6.1
Dodging        | 3 |  3.2
Translocations | 2 3 |  3.2
Fire Magic     | 2 3 |  3.0

Action                   |  1- 3 |  4- 6 |  7- 9 | 10-12 || total
-------------------------+-------+-------+-------+-------++-------
Melee: Club              |     5 |       |       |       ||     5
       Unarmed           |     1 |       |       |       ||     1
       Dagger            |    10 |    16 |       |       ||    26
       Constrict         |     4 |     5 |    14 |    13 ||    36
       Tentacles         |     3 |     1 |     6 |    10 ||    20
       Trident           |       |       |    98 |   143 ||   241
Throw: Throwing net      |       |       |       |     3 ||     3
 Cast: Shock             |    51 |    89 |    70 |    10 ||   220
       Airstrike         |       |     8 |    79 |   243 ||   330
       Swiftness         |       |     1 |       |     2 ||     3
       Lightning Bolt    |       |       |     1 |    35 ||    36
       Static Discharge  |       |       |       |    17 ||    17
       Blink             |       |       |       |     4 ||     4
Invok: Divine Energy     |       |       |     1 |       ||     1
  Use: Scroll            |       |       |     9 |    14 ||    23
       Potion            |       |       |       |    11 ||    11
 Stab: Sleeping          |     1 |     4 |     7 |     2 ||    14
       Distracted        |       |       |     4 |     1 ||     5
  Eat: Chunk             |     4 |     8 |    34 |    45 ||    91
       Ration            |       |       |     1 |     9 ||    10
Armor: Skin              |     3 |     6 |     2 |    31 ||    42
Dodge: Dodged            |    14 |    27 |    57 |   106 ||   204
